 Dungeon Crawl Stone Soup version 0.29.0-11-gd7f09526c8 (webtiles) character file.

Game seed: 12336215369700344282

1 pacmanke6689 the Grave Robber (level 1, 0/13 HPs)
             Began as a Human Necromancer on Sept 2, 2022.
             Slain by a jackal (2 damage)
             ... on level 1 of the Dungeon.
             The game lasted 00:00:39 (35 turns).

pacmanke6689 the Grave Robber (Human Necromancer)     Turns: 35, Time: 00:00:40

Health: 0/13       AC:  2    Str:  8    XL:     1   Next: 22%
Magic:  0/3        EV: 12    Int: 15    God:
Gold:   0          SH:  0    Dex: 13    Spells: 3/4 levels left

rFire   . . .      SeeInvis .   (no weapon)
rCold   . . .      Faith    .   (no shield)
rNeg    . . .      Spirit   .   a - +0 robe
rPois   .          Reflect  .   (no helmet)
rElec   .          Harm     .   (no cloak)
rCorr   .          Rampage  .   (no gloves)
Will    .....                   (no boots)
Stlth   ++........              (no amulet)
HPRegen 0.04/turn               (no ring)
MPRegen 0.08/turn               (no ring)

@: no status effects
A: no striking features
a: no special abilities


You were on level 1 of the Dungeon.
You visited 1 branch of the dungeon, and saw 1 of its levels.

Inventory:

Armour
 a - a +0 robe (worn)
Scrolls
 c - a scroll of identify {unknown}
Potions
 b - a potion of magic


   Skills:
 + Level 2.0 Dodging
 + Level 2.0 Stealth
 + Level 2.0 Spellcasting
 + Level 4.0 Necromancy


You had 3 spell levels left.
You knew the following spells:

 Your Spells              Type           Power      Damage    Failure   Level
a - Necrotise             Necr           52%        1d6       4%          1

Your spell library contained the following spells:

 Spells                   Type           Power      Damage    Failure   Level
 Vampiric Draining        Necr           13%        2d6       13%         3
 Animate Dead             Necr           13%        N/A       38%         4
 Agony                    Necr           13%        N/A       75%         5


Dungeon Overview and Level Annotations

Branches:
Dungeon (1/15)

Altars:


Message History

The dead are walking!
The jackal closely misses you. The jackal bites your jackal skeleton.
The jackal bites you.
The jackal barely misses your jackal skeleton.
Casting: Necrotise (safe; 4% risk of failure)
Confirm with . or Enter, or press ? or * to list all spells.
Aiming: Necrotise (safe; 4% risk of failure)
Press: ? - help, Shift-Dir - straight line, f - jackal
Aim: a jackal (chance to affect: 83%)
The jackal writhes in agony.
The jackal closely misses you. The jackal bites your jackal skeleton.
Your jackal skeleton bites the jackal but does no damage.
An endoplasm comes into view.
Casting: Necrotise (safe; 4% risk of failure)
Confirm with . or Enter, or press ? or * to list all spells.
You don't have enough magic to cast this spell.
You hit the jackal.
The jackal is severely wounded.
The jackal barely misses you. The jackal bites your jackal skeleton.
Your jackal skeleton is destroyed!
The jackal bites you.
You barely miss the jackal.
The jackal is severely wounded.
The jackal bites you but does no damage.
The jackal barely misses you.
The jackal bites you but does no damage.
The jackal attacks as you move away! The jackal bites you. x2
The jackal attacks as you move away! The jackal bites you.
The jackal bites you.
Found a viscous purple potion.
The jackal attacks as you move away! The jackal closely misses you.
The jackal bites you. x2
* * * LOW HITPOINT WARNING * * *
Casting: Necrotise (safe; 4% risk of failure)
Confirm with . or Enter, or press ? or * to list all spells.
Aiming: Necrotise (safe; 4% risk of failure)
Press: ? - help, Shift-Dir - straight line, f/p - jackal
Aim: a jackal (heavily wounded, chance to affect: 83%)
The jackal writhes in agony.
The jackal barely misses you. The jackal bites you.
You die...

+...#............
###.#.###..8########
#.#'###...........
#.....#..8##...###
#.....#####.....#
#J....# ##.<.##
#.....### #.....#
#hh...... ##...##
#@....... .....
#........8#######
.......### ........#
.........#
....!.....#
....#......#
.....#......#


You could see an endoplasm and 2 jackals.

Vanquished Creatures
  A jackal (D:1)
1 creature vanquished.

Notes
Turn   | Place    | Note
-------+----------+-------------------------------------------
     0 | D:1      | pacmanke6689 the Human Necromancer began the quest for the
                  | Orb.
     0 | D:1      | Reached XP level 1. HP: 13/13 MP: 3/3
    35 | D:1      | Slain by a jackal

Illustrated notes

Levels and vault maps discovered:
D:1:      psy_arrival_basics, layout_basic,
          dreamdust_ecumenical_altar_hidden_monk_grotto

Action                   || total
-------------------------++-------
Melee: Unarmed           ||     2
 Cast: Necrotise         ||     4
Armor: Robe              ||     2
Dodge: Dodged            ||     7
